 Dungeon Crawl Stone Soup version 0.30.1-11-g7821555f0a (webtiles) character file.

Game seed: 17863294278590055938

183 Okkudo the Chopper (level 5, -4/48 HPs)
             Began as a Hill Orc Monk on Dec 3, 2023.
             Slain by a gnoll
             ... wielding a +0 flail
             ... led by a gnoll bouda
              (7 damage)
             ... on level 3 of the Dungeon.
             The game lasted 00:07:17 (2263 turns).

Okkudo the Chopper (Hill Orc Monk)                  Turns: 2263, Time: 00:07:18

Health: -4/48      AC: 10    Str: 16    XL:     5   Next: 62%
Magic:  5/5        EV:  8    Int: 10    God:
Gold:   101        SH:  0    Dex: 19    Spells: 4/4 levels left

rFire   . . .        a - +0 hand axe
rCold   . . .        d - orb {light}
rNeg    . . .        n - +0 chain mail
rPois   .            b - +0 helmet
rElec   .            o - +0 cloak
rCorr   .            (no gloves)
SInv    .            (no boots)
Will    .....        (no amulet) Stlth
                     m - +6 ring of dexterity
HPRegen 0.28/turn    (no ring)
MPRegen 0.09/turn

%: no passive effects
@: glowing
A: no striking features
a: no special abilities


You were on level 3 of the Dungeon.
You visited 1 branch of the dungeon, and saw 3 of its levels.

You collected 101 gold pieces.

Inventory:

Hand Weapons
 a - a +0 hand axe (weapon)
Missiles
 g - 6 poisoned darts (quivered)
Armour
 b - a +0 helmet (worn)
 d - an orb of light (worn)
 n - a +0 chain mail (worn)
 o - a +0 cloak (worn)
Jewellery
 c - an amulet of magic regeneration
 m - a +6 ring of dexterity (left hand)
Scrolls
 e - a scroll of poison {unknown}
 f - a scroll of amnesia {unknown}
 k - 2 scrolls of enchant armour {unknown}
 p - a scroll of fog {unknown}
 t - a scroll of identify {unknown}
Potions
 h - a potion of magic {unknown}
 i - 3 potions of curing {unknown}
 j - a potion of heal wounds {unknown}
 l - a potion of berserk rage {unknown}
 q - a potion of haste {unknown}
 r - a potion of flight {unknown}
 s - 2 potions of degeneration {unknown}


   Skills:
 + Level 5.1 Fighting
 + Level 5.7 Axes
 + Level 3.5 Dodging


You had 4 spell levels left.
You didn't know any spells.
Your spell library contained the following spells:

 Spells                   Type           Power      Damage    Failure   Level
 Gell's Gravitas          Tloc           0%         N/A       100%        3
 Teleport Other           Tloc           0%         N/A       100%        3
 Dispersal                Tloc           0%         N/A       100%        6


Dungeon Overview and Level Annotations

Branches:
Dungeon (3/15)

Altars:
Qazlal

Shops:
D:1 [

Annotations:
D:2 1 runed translucent door, Crazy Yiuf


Message History

You hit the gnoll.
The gnoll is severely wounded.
The gnoll hits you with a +0 spear.
* * * LOW HITPOINT WARNING * * *
You hit the gnoll.
You kill the gnoll!
g - 8 poisoned darts (gained 1)
Things that are here:
a +0 spear; a gnoll corpse You start resting.
A gnoll comes into view. It is wielding a +0 flail.
A gnoll is nearby!
Throw: 8 darts (poison)
Press: ? - help, Q - select action Shift-Dir - straight line, f - gnoll
Aim: a gnoll, wielding a +0 flail (wandering, hasn't noticed you, 66% to hit)
You throw a poisoned dart.
The poisoned dart closely misses the gnoll.
The gnoll shouts!
Throw: 7 darts (poison)
Press: ? - help, Q - select action Shift-Dir - straight line, f/p - gnoll
Aim: a gnoll, wielding a +0 flail (haloed, 83% to hit)
You throw a poisoned dart.
The poisoned dart barely misses the gnoll.
The gnoll hits you with a +0 flail!
* * * LOW HITPOINT WARNING * * *
Things that are here:
a +0 spear; a gnoll corpse You hit the gnoll.
The gnoll is moderately wounded.
The gnoll barely misses you.
You slash the gnoll!
The gnoll is severely wounded.
The gnoll hits you with a +0 flail!
* * * LOW HITPOINT WARNING * * *
A hobgoblin comes into view.
The hobgoblin shouts!
You hit the gnoll.
The gnoll is severely wounded.
The gnoll hits you with a +0 flail!
You die...

#.. .... ###
.###... #<#
...... #.#
#.... #.#
###.#.##.#
.......#@#
#.#..g.#
#.##..#.#.# #
......((###.#
#.#...##?.).#
#... #g####
##g #... #.
#.##. . .. ..


You could see a gnoll and a hobgoblin.

Vanquished Creatures
  A gnoll bouda (D:3)
  Robin (D:2)
  5 gnolls
  3 adders (D:2)
  2 dart slugs (D:1)
  7 endoplasms
  5 giant cockroaches
  9 hobgoblins
  3 jackals
  4 quokkas
  4 ball pythons (D:2)
  4 bats
  9 goblins (D:2)
  3 kobolds
  3 rats
63 creatures vanquished.

Notes
Turn   | Place    | Note
-------+----------+-------------------------------------------
     0 | D:1      | Okkudo the Hill Orc Monk began the quest for the Orb.
     0 | D:1      | Reached XP level 1. HP: 19/19 MP: 1/1
    34 | D:1      | Found Plog's Armour Shoppe.
   111 | D:1      | Reached XP level 2. HP: 14/27 MP: 2/2
   472 | D:1      | Found a faded altar of an unknown god.
   541 | D:1      | Reached XP level 3. HP: 29/33 MP: 3/3
  1131 | D:2      | Noticed Robin
  1160 | D:2      | Killed Robin
  1253 | D:2      | Reached XP level 4. HP: 39/41 MP: 4/4
  1279 | D:2      | Reached skill level 5 in Axes
  1517 | D:2      | Found a runed translucent door.
  1518 | D:2      | Noticed Crazy Yiuf
  1904 | D:2      | Found a stormy altar of Qazlal.
  1923 | D:2      | Reached XP level 5. HP: 22/47 MP: 5/5
  2227 | D:3      | Reached skill level 5 in Fighting
  2263 | D:3      | Slain by a gnoll

Illustrated notes

Levels and vault maps discovered:
D:1:      dpeg_arrival_three_bigger_balls, layout_basic,
          hellmonk_ecumenical_altar_inner_sanctum, serial_shops, shop,
          minmay_fountain_box
D:2:      kb_forest_paths, layout_basic, basic_altar, minmay_pentomino_r4,
          uniq_robin, uniq_crazy_yiuf_cottage
D:3:      layout_basic, gammafunk_ghost_smash

Skill      XL: |  1  2  3  4  5 |
---------------+----------------+-----
Fighting       | 4 5 |  5.1
Dodging        | 3 |  3.5
Axes           | 5 |  5.7

Action                     |  1- 3 |  4- 6 || total
---------------------------+-------+-------++-------
  Melee: Hand axe          |   120 |    94 ||   214
  Throw: Dart              |       |     5 ||     5
    Use: Potion            |       |     1 ||     1
 Armour: Robe              |    10 |       ||    10
         Chain mail        |    18 |    57 ||    75
  Dodge: Dodged            |    55 |    50 ||   105
